Map: 2000 Atmospheres LE

Players

MaxPax - Winner!

  • Race: Protoss Protoss

Gerald

  • Race: Protoss Protoss

Event: DreamHack SC2 Masters 2021 Winter

VOD

Have the link to the VOD?

Description

Time

  • Played on: Sept. 30, 2021, 11:13 a.m.
  • Length: 14:31

All games in this series

Show
View Real Time Build Order
Export as new Build Order

MaxPax Protoss - Winner!

Build Orders: Oracle Opening 

Get SALT Encoding   

  12  0:00  Probe  
  13  0:12  Probe  
  14  0:19  Pylon  
  14  0:24  Probe  
  15  0:37  Probe (Chrono Boost)  
  15  0:39  Gateway  
  16  0:48  Assimilator, Probe (Chrono Boost)  
  17  0:53  Probe (Chrono Boost)  
  18  0:58  Assimilator  
  18  1:03  Probe (Chrono Boost)  
  19  1:06  Pylon  
  19  1:15  Probe (Chrono Boost)  
  20  1:20  Probe (Chrono Boost)  
  21  1:26  Cybernetics Core  
  21  1:30  Probe  
  21  1:32  Zealot  
  24  1:42  Probe  
  25  1:54  Probe  
  26  2:02  Adept (Chrono Boost)  
  26  2:03  Stargate  
  26  2:07  Probe  
  29  2:13  Warp Gate  
  29  2:16  Pylon  
  29  2:19  Probe  
  30  2:26  Pylon  
  30  2:31  Probe  
  30  2:34  Stalker  
  33  2:43  Probe  
  34  2:52  Oracle (Chrono Boost)  
  34  2:57  Shield Battery  
  37  3:02  Probe  
  38  3:19  Nexus  
  36  3:20  Probe  
  36  3:21  Pylon  
  37  3:30  Stalker  
  39  3:38  Void Ray  
  39  3:39  Probe  
  44  3:51  Probe  
  45  3:59  Twilight Council  
  45  4:08  Stalker  
  47  4:11  Gateway  
  47  4:27  Forge  
  47  4:30  Probe  
  47  4:31  Probe  
  49  4:32  Adept  
  49  4:37  Blink (Chrono Boost)  
  51  4:42  Probe  
  51  4:43  Probe  
  53  4:49  Assimilator  
  53  4:55  Probe x2  
  52  5:07  Probe x2  
  52  5:09  Dark Shrine  
  51  5:14  Stalker  
  51  5:17  Protoss Ground Weapons Level 1  
  51  5:19  Probe x2  
  55  5:26  Gateway  
  55  5:31  Probe x2  
  55  5:33  Gateway  
  57  5:37  Stalker  
  57  5:38  Stalker, Pylon  
  61  5:45  Pylon  
  61  5:58  Pylon  
  61  6:03  Stalker x2  
  65  6:18  Photon Cannon, Probe x2  
  67  6:21  Pylon  
  67  6:22  Assimilator  
  67  6:34  Stalker x2  
  67  6:35  Stalker  
  67  6:37  Dark Templar  
  67  6:38  Nexus  
  73  6:40  Pylon  
  73  6:44  Probe x2  
  75  6:55  Robotics Facility  
  75  6:56  Probe  
  75  6:59  Dark Templar  
  78  7:09  Photon Cannon  
  78  7:11  Probe, Shield Battery  
  78  7:14  Probe  
  80  7:17  Stalker x3  
  84  7:23  Probe (Chrono Boost)  
  84  7:26  Probe (Chrono Boost)  
  86  7:35  Probe (Chrono Boost)  
  86  7:36  Probe (Chrono Boost)  
  88  7:40  Probe (Chrono Boost)  
  88  7:41  Stalker, Probe (Chrono Boost), Sentry  
  92  7:44  Observer  
  92  7:47  Robotics Bay  
  92  7:49  Probe  
  92  7:50  Probe  
  95  7:52  Probe  
  95  7:54  Pylon  
  95  7:56  Assimilator, Charge  
  96  7:59  Protoss Ground Weapons Level 2 (Chrono Boost)  
  96  8:02  Assimilator, Probe x2  
  96  8:04  Probe  
  99  8:11  Pylon  
  99  8:14  Probe  
  99  8:16  Probe  
  99  8:17  Photon Cannon  
  99  8:19  Pylon  
  102  8:26  Gateway  
  101  8:27  Stalker x2, Gateway  
  105  8:35  Disruptor (Chrono Boost)  
  105  8:39  Stalker  
  105  8:40  Stalker  
  112  8:48  Shadow Stride  
  112  8:52  Stalker x2  
  116  9:00  Disruptor (Chrono Boost)  
  116  9:03  Robotics Facility, Observer  
  116  9:08  Pylon  
  115  9:17  Nexus, Pylon  
  113  9:31  Disruptor (Chrono Boost)  
  113  9:46  Stalker x5  
  113  9:52  Gateway  
  121  9:53  Disruptor  
  121  9:54  Dark Templar  
  121  9:55  Gateway, Pylon  
  121  9:58  Shield Battery  
  121  9:59  Photon Cannon  
  126  10:01  Disruptor (Chrono Boost)  
  129  10:12  Pylon  
  127  10:16  Dark Templar x2  
  131  10:23  Photon Cannon  
  131  10:29  Observer (Chrono Boost)  
  132  10:42  Stalker x4  
  139  10:43  Disruptor (Chrono Boost)  
  133  11:08  Stalker x6  
  133  11:09  Stalker x2  
  133  11:10  Probe x2  
  151  11:13  Photon Cannon  
  151  11:14  Shield Battery  
  145  11:29  Observer  
  143  11:36  Probe  
  143  11:38  Assimilator  
  143  11:39  Dark Templar x4  
  151  11:40  Assimilator, Pylon  
  151  11:43  Photon Cannon  
  151  11:46  Pylon  
  149  11:58  Nexus  
  149  11:59  Zealot x4  
  149  12:00  Pylon  
  149  12:09  Disruptor  
  149  12:12  Stalker x4  
  145  12:39  Nexus  
  145  12:40  Stalker x8  
  145  12:41  Pylon  
  145  12:43  Disruptor  
  151  12:45  Disruptor  
  146  13:00  Probe x2  
  146  13:02  Pylon  
  136  13:17  Stalker x3  
  136  13:18  Stalker x5  
  150  13:22  Gateway, Probe x2  
  150  13:23  Gateway  
  150  13:25  Photon Cannon, Disruptor  
  155  13:30  Observer  
  148  13:53  Stalker x5  
  152  14:01  Zealot x3  
  156  14:03  Probe x4  
Show
View Real Time Build Order
Export as new Build Order

Gerald Protoss 

Build Orders: Blink Stalkers 

Get SALT Encoding   

  12  0:00  Probe  
  13  0:12  Probe  
  14  0:17  Pylon  
  14  0:24  Probe (Chrono Boost)  
  15  0:37  Gateway, Probe (Chrono Boost)  
  16  0:43  Probe (Chrono Boost)  
  16  0:46  Assimilator  
  17  0:52  Probe (Chrono Boost)  
  17  0:54  Assimilator  
  18  1:04  Probe (Chrono Boost)  
  19  1:08  Gateway  
  19  1:13  Probe (Chrono Boost)  
  20  1:19  Probe  
  21  1:25  Cybernetics Core  
  21  1:31  Pylon  
  21  1:34  Probe  
  22  1:46  Probe  
  23  1:58  Probe  
  24  2:02  Stalker x2  
  24  2:04  Warp Gate (Chrono Boost)  
  28  2:15  Cybernetics Core  
  28  2:17  Pylon  
  28  2:35  Probe  
  28  2:36  Pylon  
  31  2:50  Shield Battery  
  31  2:54  Probe  
  32  3:00  Nexus  
  30  3:07  Probe, Shield Battery  
  29  3:18  Shield Battery  
  29  3:19  Probe  
  30  3:26  Twilight Council  
  30  3:30  Shield Battery  
  30  3:32  Probe  
  31  3:45  Stalker  
  31  3:46  Stalker  
  31  3:48  Probe  
  36  3:58  Blink (Chrono Boost)  
  36  4:00  Probe  
  37  4:11  Stalker  
  37  4:12  Probe (Chrono Boost)  
  37  4:13  Probe (Chrono Boost)  
  41  4:19  Stalker  
  44  4:24  Probe (Chrono Boost)  
  44  4:29  Probe (Chrono Boost)  
  45  4:31  Robotics Facility  
  45  4:32  Probe (Chrono Boost)  
  45  4:36  Probe  
  47  4:41  Probe  
  47  4:42  Stalker  
  50  4:51  Forge  
  50  4:55  Stalker  
  50  5:01  Probe  
  50  5:06  Probe  
  52  5:09  Stalker  
  54  5:16  Pylon  
  54  5:21  Pylon  
  54  5:23  Protoss Ground Weapons Level 1 (Chrono Boost)  
  54  5:31  Pylon  
  54  5:34  Observer, Probe x2  
  57  5:40  Nexus  
  57  5:42  Pylon  
  57  5:50  Stalker  
  57  5:52  Probe  
  57  5:53  Stalker  
  62  5:58  Gateway  
  62  6:01  Observer  
  63  6:04  Gateway  
  63  6:11  Probe  
  64  6:12  Probe  
  64  6:16  Gateway  
  65  6:20  Stalker x2  
  69  6:35  Immortal  
  69  6:39  Gateway  
  73  6:41  Probe  
  73  6:43  Probe  
  73  6:46  Assimilator  
  75  6:53  Probe  
  76  6:56  Stalker  
  76  6:59  Stalker  
  80  7:01  Shield Battery  
  80  7:03  Stalker  
  80  7:05  Probe  
  83  7:13  Probe  
  83  7:14  Observer  
  82  7:17  Probe  
  82  7:23  Probe  
  82  7:25  Probe  
  82  7:30  Probe (Chrono Boost), Protoss Ground Weapons Level 2 (Chrono Boost)  
  82  7:31  Stalker x3  
  87  7:38  Probe (Chrono Boost)  
  87  7:42  Probe (Chrono Boost)  
  88  7:44  Probe (Chrono Boost)  
  88  7:49  Probe (Chrono Boost)  
  90  7:51  Probe (Chrono Boost)  
  91  8:01  Probe (Chrono Boost)  
  91  8:03  Probe (Chrono Boost)  
  91  8:04  Charge (Chrono Boost)  
  91  8:05  Probe (Chrono Boost)  
  93  8:11  Observer  
  93  8:12  Pylon  
  93  8:16  Gateway x2  
  93  8:20  Pylon  
  93  8:26  Gateway  
  93  8:29  Gateway  
  93  8:30  Probe x3  
  96  8:36  Templar Archives  
  96  8:38  Warp Prism (Chrono Boost)  
  96  8:39  Assimilator  
  98  8:42  Probe  
  99  8:48  Pylon  
  99  8:49  Photon Cannon, Pylon  
  99  8:50  Probe  
  99  8:55  Zealot x3  
  99  8:59  Zealot x2  
  109  9:06  Probe  
  110  9:14  Zealot x3  
  118  9:34  Zealot x4  
  110  9:49  Zealot  
  110  9:50  Zealot x5  
  122  9:55  Nexus  
  122  9:57  Photon Cannon, Pylon  
  122  10:01  Photon Cannon  
  120  10:18  High Templar x2  
  120  10:19  High Templar x2  
  120  10:20  Zealot x2  
  132  10:23  Archon x2  
  132  10:24  Pylon  
  132  10:26  Pylon  
  132  10:27  Observer  
  131  10:42  Probe x2  
  125  10:43  Stalker x3  
  125  10:54  Zealot, Probe  
  125  10:55  Zealot x6  
  132  10:59  Probe  
  132  11:02  Probe  
  134  11:06  Probe  
  135  11:14  Zealot x3  
  135  11:15  Zealot x5  
  151  11:30  Probe  
  151  11:32  Probe x2  
  152  11:34  Photon Cannon  
  152  11:36  Shield Battery  
  152  11:38  Robotics Bay  
  152  11:39  Zealot x3  
  158  11:40  Zealot  
  158  11:41  Robotics Facility  
  158  11:43  Probe  
  161  12:03  Probe  
  150  12:11  Probe  
  147  12:23  Probe x2  
  147  12:25  Zealot x6, Assimilator, Probe x2  
  147  12:28  Pylon  
  163  12:30  Pylon  
  163  12:34  Disruptor (Chrono Boost), Pylon  
  163  12:35  Pylon  
  138  12:47  Disruptor (Chrono Boost)  
  126  13:00  Stalker x8  
  126  13:01  Stalker x2  
  146  13:06  Probe  
  133  13:17  Disruptor  
  134  13:24  Zealot x7  
  148  13:27  Disruptor  
  148  13:28  Nexus  
  151  13:35  Observer  
  137  13:43  Zealot x3  
  135  13:52  Zealot x7  
  135  13:53  Disruptor  
  136  13:58  Probe  
  127  14:04  Assimilator  
  127  14:07  Stalker x2  
  119  14:16  Zealot x3  

Tags
 
Add a new tag
Caveats
  • Supply blocks, unpowered buildings, or Contaminate may cause inaccurate times.
  • Supply counts are checked every 10 seconds.